 Dungeon Crawl Stone Soup version 0.26-a0-58-g79b31b8662 (webtiles) character file.

Game seed: 9067690280156727636

171 BritishOli the Skirmisher (level 5, 0/43 HPs)
             Began as a Demonspawn Monk on June 8, 2020.
             Slain by an orc wizard
             ... wielding a +0 dagger
              (3 damage)
             ... on level 3 of the Dungeon.
             The game lasted 00:06:29 (4477 turns).

BritishOli the Skirmisher (Demonspawn Monk)         Turns: 4477, Time: 00:06:30

Health: 0/43       AC:  7    Str: 13    XL:     5   Next: 26%
Magic:  5/5        EV: 13    Int: 11    God:
Gold:   178        SH:  0    Dex: 15    Spells: 4/4 levels left

rFire    . . .     SeeInvis .   b - +0 short sword (speed)
rCold    . . .     Gourm    .   (no shield)
rNeg     . . .     Faith    .   h - +0 leather armour (curse)
rPois    .         Spirit   .   n - +0 helmet
rElec    .         Reflect  .   s - +1 cloak
rCorr    .         Harm     .   (no gloves)
MR       .....                  (no boots)
Stlth    ++........             (no amulet)
HPRegen  0.14/turn              (no ring)
MPRegen  0.09/turn              (no ring)

@: stab
A: claws 1, rugged brown scales 1, powered by death 1
a: no special abilities


You were on level 3 of the Dungeon.
You were not hungry.

You visited 1 branch of the dungeon, and saw 4 of its levels.

You collected 178 gold pieces.

Inventory:

Hand Weapons
 a - a +0 falchion
 b - a +0 short sword of speed (weapon)
Armour
 h - a cursed +0 leather armour (worn)
 l - a +0 scale mail
 n - a +0 helmet (worn)
 s - a +1 cloak (worn)
Scrolls
 g - a scroll of fog
 m - 3 scrolls of teleportation
 p - a scroll of amnesia
 q - 2 scrolls of enchant weapon
Potions
 e - a potion of resistance {unknown}
 f - a potion of invisibility {unknown}
 j - a potion of magic {unknown}
 k - 4 potions of brilliance {unknown}
 o - a potion of flight {unknown}
 r - a potion of lignification {unknown}
 u - a potion of heal wounds {unknown}
 w - a potion of berserk rage {unknown}
Comestibles
 c - 5 rations


   Skills:
 + Level 4.2 Fighting
 + Level 3.8 Long Blades
 + Level 0.0 Armour
 + Level 3.8 Dodging
 - Level 1.7 Stealth


You had 4 spell levels left.
You didn't know any spells.
Your spell library was empty.

Dungeon Overview and Level Annotations

Branches:
Dungeon (4/15)
 Temple: D:4-7

Altars:
Fedhas
Zin

Annotations:
D:3 2 transporters


Innate Abilities, Weirdness & Mutations

You have sharp fingernails.
You are partially covered in rugged brown scales. (AC +1, +3% HP)
You regenerate a little health from kills.


Message History

Reactivating autopickup.
There is a stone staircase leading down, spattered with blood here.
You start resting.
Something hits you but does no damage.
Deactivating autopickup; reactivate with Ctrl-A.
You start resting.
Something completely misses you.
You miss something.
You hear some strange, mumbled words.
A puff of flame appears from out of thin air!
The puff of flame hits you!
* * * LOW HITPOINT WARNING * * *
You hit something but do no damage. You hit something but do no damage.
You hear some strange, mumbled words.
A magic dart appears from out of thin air!
The magic dart hits you.
* * * LOW HITPOINT WARNING * * *
It was a potion of stabbing.
You feel ready to backstab. Something hits you.
You die...

..###.#####.##.#.#
#.#.##.#.##
............##.#.#
#.#.##.....
...............#.#
#.#.####.##
...............#.#
#.#.####.#
.............#.#.#
#.#^.....#
.#......####.#.#.#
#.######## ..#######
#.#.#.# #.# ..# #.#.#.#
#.# ..# #.#.#@# #.# ..#
#...#{# #.# .##
########.#.# #.#
.######.....##.#.# #.#
............##.#.######.#
#######.##..####........#
#.....# ##############
#<.##.# #....# #..##.#
#....#


There were no monsters in sight!

Vanquished Creatures
  An orc priest (D:3)
  A worker ant (D:4)
  A hound skeleton (D:3)
  3 adders (D:3)
  A worm (D:3)
  2 leopard geckos
  2 orcs
  4 bats
  6 giant cockroaches
  12 hobgoblins
  3 jackals
  9 kobolds
  A ball python (D:1)
  8 frilled lizards
  9 goblins
  7 rats
70 creatures vanquished.

Notes
Turn   | Place    | Note
-------+----------+-------------------------------------------
     0 | D:1      | BritishOli the Demonspawn Monk began the quest for the Orb.
     0 | D:1      | Reached XP level 1. HP: 18/18 MP: 1/1
   392 | D:1      | Gained mutation: You regenerate a little health from kills.
                  | [demonic ancestry]
   392 | D:1      | Reached XP level 2. HP: 23/24 MP: 2/2
   626 | D:1      | You fall into a shaft and drop 1 floor!
  1150 | D:1      | Reached XP level 3. HP: 28/29 MP: 3/3
  2460 | D:3      | Gained mutation: You have sharp fingernails. [demonic
                  | ancestry]
  2460 | D:3      | Reached XP level 4. HP: 29/37 MP: 4/4
  3075 | D:3      | Found a glowing silver altar of Zin.
  3075 | D:3      | Noticed a bullfrog
  3076 | D:3      | Found a transporter.
  3085 | D:3      | Found a transporter.
  3608 | D:3      | Found a blossoming altar of Fedhas.
  3681 | D:3      | Reached skill level 4 in Fighting
  3872 | D:4      | Gained mutation: You are partially covered in rugged brown
                  | scales. (AC +1, +3% HP) [demonic ancestry]
  3872 | D:4      | Reached XP level 5. HP: 13/43 MP: 5/5
  4477 | D:3      | Slain by an orc wizard

Illustrated notes

Levels and vault maps discovered:
D:1:      giann_forest_graveyard, layout_loops_ring
D:2:      wad_river_or_something, layout_loops_ring, first_ration
D:3:      layout_basic, fedhas_altar_fruit_tree, gammafunk_temple_overflow_arena
D:4:      layout_loops_corners

Skill      XL: |  1  2  3  4 |
---------------+-------------+-----
Dodging        | 3 |  3.8
Long Blades    | 3 |  3.8
Fighting       | 4 |  4.2
Stealth        | |  1.7

Action                   |  1- 3 |  4- 6 || total
-------------------------+-------+-------++-------
Melee: Falchion          |   152 |    87 ||   239
       Short sword       |       |    32 ||    32
  Use: Scroll            |       |     5 ||     5
       Potion            |       |     1 ||     1
 Stab: Sleeping          |     4 |     2 ||     6
  Eat: Chunk             |     4 |     5 ||     9
       Ration            |       |     1 ||     1
Armor: Robe              |     7 |       ||     7
       Leather armour    |    36 |    31 ||    67
Dodge: Dodged            |   115 |    65 ||   180
       Rpst.: Falchion   |    39 |    15 ||    54

Table legend:
 A = Non-vault XP
 B = Vault XP
 C = Vault XP percentage of total XP
 D = Non-vault monster count
 E = Vault monster count
 F = Vault count percentage of total count
                 A         B        C        D         E       F
            +---------+---------+-------+---------+---------+-------
      Total |     229 |      16 |   6.5 |      61 |       9 |  12.9
            +---------+---------+-------+---------+---------+-------
        D:1 |      38 |       2 |   5.0 |      24 |       1 |   4.0
        D:2 |      30 |      14 |  31.8 |      18 |       8 |  30.8
        D:3 |     128 |       0 |   0.0 |      18 |       0 |   0.0
        D:4 |      33 |       0 |   0.0 |       1 |       0 |   0.0
            +---------+---------+-------+---------+---------+-------
